 Dungeon Sprint DCSS version 0.30-a0-802-gb92711bcdf (webtiles) character file.

Game seed: 9429538769110950977

290273 rocky1 the Chief of Staff (level 18, -20/200 HPs)
             Began as a Minotaur Gladiator on Feb 23, 2023.
             Was an Initiate of Gozag.
             Killed from afar by an orb of fire (27 damage)
             ... with a fireball
             ... in the Dungeon (Sprint IX: "|||||||||||||||||||||||||||||").
             The game lasted 00:29:23 (8698 turns).

rocky1 the Chief of Staff (Minotaur Gladiator)      Turns: 8698, Time: 00:29:24

Health: -20/200    AC: 46    Str: 32    XL:     18   Next: 41%
Magic:  17/17      EV: 23    Int:  5    God:    Gozag
Gold:   9027       SH:  0    Dex: 20    Spells: 17/17 levels left

rFire   + . .      SeeInvis .    S - +7 quarterstaff of Overwhelming Force {heavy, Str+3}
rCold   + . .      Faith    .    (shield currently unavailable)
rNeg    . . .      Spirit   .    G - +10 gold dragon scales of Vucud {rPois rF+ rC+ Str+4 Slay+3}
rPois   +          Reflect  .    o - +2 hat
rElec   +          Harm     .    g - +2 cloak {Will+}
rCorr   .          Rampage  .    A - +1 pair of gloves of Whack-A-Mole {rElec Will+ Int+2}
Will    +++..      NoTele   +    p - +2 pair of boots Stlth
                                 H - amulet "Qelu" {Acrobat rPois rF+ Regen+}
HPRegen 1.33/turn                q - +4 ring of slaying
MPRegen 0.15/turn                I - ring "Atuthef" {rElec rF- Dex+6 Slay+5 Stlth+}

@: corroded, gold aura
A: horns 2, retaliatory headbutt, dopey 1
}: 5/17 runes: decaying, serpentine, barnacled, silver, gossamer
a: Renounce Religion, Potion Petition, Call Merchant, Bribe Branch


You were in the Dungeon.
You worshipped Gozag.
Gozag was greatly pleased with you.
You visited 1 branch You collected 38019 gold pieces.
You spent 9837 gold pieces at shops.
You paid 19155 gold pieces to Gozag.

Inventory:

Hand Weapons
 c - a +5 trishula of holy wrath
 R - a +1 heavy morningstar
 S - the +7 quarterstaff of Overwhelming Force (weapon) {heavy, Str+3}
   (You bought it in a shop in the Dungeon)

   Str:       It affects your strength (+3).
Missiles
 e - 18 javelins (quivered)
 F - 4 silver javelins
Armour
 g - a +2 cloak of willpower (worn)
 o - a +2 hat (worn)
 p - a +2 pair of boots (worn)
 z - the +3 warlock's mirror {omnireflect}
   (You bought it in a shop in the Dungeon)

   Omnireflect: It can block and reflect piercing ranged attacks and magical
   attacks against the wielder's willpower.
 A - the +1 pair of gloves of Whack-A-Mole (worn) {rElec Will+ Int+2}
   (You bought it in a shop in the Dungeon)

   Int:       It affects your intelligence (+2).
   rElec:     It insulates you from electricity.
   Will:      It increases your willpower.
 C - a +0 tower shield
 G - the +10 gold dragon scales of Vucud (worn) {rPois rF+ rC+ Str+4 Slay+3}
   (You found it in the Dungeon)

   Str:       It affects your strength (+4).
   Slay:      It affects your accuracy & damage with ranged weapons and melee
   (+3).
   rF:        It protects you from fire.
   rC:        It protects you from cold.
   rPois:     It protects you from poison.
 J - a +0 kite shield of cold resistance
Jewellery
 a - the amulet of Kigutot {Faith rElec Str+3}
   (You found it in the Dungeon)

   [amulet of faith]

   It allows you to gain divine favour quickly.
   Str:       It affects your strength (+3).
   rElec:     It insulates you from electricity.
 q - a +4 ring of slaying (left hand)
 s - the ring of a Billion Prophets {*Corrode rF++ Will+ Dex+5}
   (You found it in the Dungeon)

   [ring of willpower]

   Dex:       It affects your dexterity (+5).
   rF:        It greatly protects you from fire.
   *Corrode:  It may corrode you when you take damage.
   Will:      It increases your willpower.
 y - an amulet of regeneration
 H - the amulet "Qelu" (around neck) {Acrobat rPois rF+ Regen+}
   (You bought it in a shop in the Dungeon)

   [amulet of the acrobat]

   It increases your evasion while moving and waiting.
   rF:        It protects you from fire.
   rPois:     It protects you from poison.
   Regen:     It increases your rate of health regeneration.
 I - the ring "Atuthef" (right hand) {rElec rF- Dex+6 Slay+5 Stlth+}
   (You bought it in a shop in the Dungeon)

   [ring of dexterity]

   Dex:       It affects your dexterity (+6).
   Slay:      It affects your accuracy & damage with ranged weapons and melee
   (+5).
   rF:        It makes you vulnerable to fire.
   rElec:     It insulates you from electricity.
   Stlth:     It makes you more stealthy.
 Y - the ring of Tossoen {rF+ MP+9 AC+4 Int+4 Dex+3}
   (You bought it in a shop in the Dungeon)

   [ring of protection]

   AC:        It affects your AC (+4).
   Int:       It affects your intelligence (+4).
   Dex:       It affects your dexterity (+3).
   rF:        It protects you from fire.
   MP:        It affects your magic capacity (+9).
Wands
 n - a wand of roots (10)
Scrolls
 b - 5 scrolls of identify
 k - 7 scrolls of blinking
 m - 3 scrolls of amnesia
 r - a scroll of silence
 t - a scroll of brand weapon
 v - 7 scrolls of fog
 w - 5 scrolls of enchant armour
 x - 4 scrolls of fear
 B - a scroll of immolation
 D - a scroll of poison
Potions
 d - 2 potions of brilliance
 f - 14 potions of curing
 h - 4 potions of berserk rage
 i - 10 potions of magic
 j - 6 potions of haste
 l - 12 potions of heal wounds
 u - 7 potions of mutation
 E - 3 potions of resistance
 O - 2 potions of might
 T - 3 potions of cancellation
 U - a potion of invisibility
 Z - a potion of attraction {unknown}
Miscellaneous
 V - a tin of tremorstones (2/2)
 X - a lightning rod (4/4)


   Skills:
 O Level 27 Fighting
 + Level 21.4(26.8) Maces & Flails
 + Level 23.8(27) Polearms
 O Level 27 Staves
 + Level 21.0 Throwing
 O Level 27 Armour
 O Level 27 Dodging
 + Level 18.9 Shields
 + Level 24.3 Evocations


You had 17 spell levels left.
You didn't know any spells.
Your spell library was empty.

Dungeon Overview and Level Annotations

Branches:
Dungeon (1/1)

Altars:
Cheibriados
Dithmenos
Elyvilon
Fedhas
Gozag
Hepliaklqana
Kikubaaqudgha
Makhleb
Nemelex Xobeh
Okawaru
Qazlal
Ru
Sif Muna
Trog
Uskayaw
Vehumet
Wu Jian
Xom
Yredelemnul
Zin
The Shining One
Jiyva
Lugonu

Shops:
D *[?=(=[!((!*([?*!


Innate Abilities, Weirdness & Mutations

You have a pair of horns on your head.
You reflexively headbutt those who attack you in melee.
You are dopey. (Int -2)


Message History

Strange energies course through your body.
You feel stupid.
You bludgeon the orb of fire!! Your headbutt misses the orb of fire.
The orb of fire is almost destroyed.
The electric golem crackles and sizzles.
The orb of fire glows yellow.
The bolt of fire hits you! You resist.
The ancient lich mumbles some strange words.
The ancient lich flickers and vanishes!
Deactivating autopickup; reactivate with Ctrl-A.
You hit the orb of fire. You headbutt the orb of fire!
The orb of fire is almost destroyed.
The orb of fire emits a lurid red light.
The fireball explodes!
The fireball engulfs the orb of fire.
The orb of fire completely resists.
The fireball engulfs the orb of fire.
The orb of fire completely resists.
The fireball engulfs you!! You resist.
The electric golem crackles and sizzles.
The orb of fire glows bright magenta.
The bolt of fire misses you.
You barely miss the orb of fire. You headbutt the orb of fire!
The orb of fire is almost destroyed.
The orb of fire glows red.
The fireball explodes!
The fireball engulfs you!! You resist.
* * * LOW HITPOINT WARNING * * *
The fireball engulfs the orb of fire.
The orb of fire completely resists.
You flatten the orb of fire like a pancake!!!
You destroy the orb of fire!
The electric golem blinks!
Your Throwing skill increases to level 21!
You bludgeon the orb of fire!!
The orb of fire is lightly damaged.
The orb of fire glows bright magenta.
The bolt of fire hits you!!! You resist.
* * * LOW HITPOINT WARNING * * *
You miss the orb of fire.
The orb of fire is lightly damaged.
The orb of fire glows yellow.
The fireball explodes!
The fireball engulfs you!! You resist.
You die...
Your body crumbles into a pile of gold.

[▓.▓)▓.▓.▓.▓'▓.▓
[▓.▓[▓[▓.▓.▓.▓.▓9▓
[▓.▓.▓.▓.▓.▓.▓.▓X▓
[▓.▓[▓.▓.▓.▓.▓.▓.▓
[▓.▓|▓.▓.▓.▓.▓.▓X▓
[▓.▓.▓.▓.▓.▓.▓.▓*▓
[▓.▓)▓.▓.▓.▓.▓.▓.▓
[▓.▓'▓.▓[▓.▓)▓.▓*▓
'▓.▓(▓.▓.▓.▓)▓.▓@▓
.▓.▓.▓.▓[▓.▓[▓.▓.▓
.▓.▓.▓.▓[▓.▓)▓.▓'▓
.▓.▓.▓.▓[▓.▓)▓.▓.▓
.▓.▓.▓.▓.▓.▓)▓.▓'▓
.▓[▓[▓.▓[▓.▓.▓.▓.▓
.▓.▓.▓.▓.▓.▓)▓.▓'▓
.▓.▓.▓.▓.▓.▓.▓.▓.▓
.▓.▓[▓.▓.▓.▓.▓.▓.▓


You could see 2 orbs of fire, an electric golem, a tentacled monstrosity and an
Orb Guardian.

Vanquished Creatures
  2 orbs of fire (D)
  2 ancient liches (D)
  Mennas (D)
  Mara (D)
  Boris (D)
  Xtahua (D)
  3 golden dragons (D)
  Jory (D)
  A bone dragon (D)
  4 electric golems (D)
  5 tentacled monstrosities (D)
  14 Orb Guardians (D)
  A lich (D)
  2 titans (D)
  2 quicksilver dragons (D)
  2 death cobs (D)
  A thorn hunter (D)
  5 shadow dragons (D)
  3 storm dragons (D)
  A draconian monk (D)
  Donald (D)
  Ilsuiw (D)
  4 nagarajas (D)
  3 draconian knights (D)
  3 fire giants (D)
  A frost giant (D)
  4 vault wardens (D)
  2 ghost moths (D)
  5 emperor scorpions (D)
  A draconian scorcher (D)
  A ghost moth (shapeshifter) (D)
  Louise (D)
  4 very ugly things (D)
  3 draconian annihilators (D)
  2 ironbound preservers (D)
  4 black draconians (D)
  2 green draconians (D)
  2 draconian stormcallers (D)
  Azrael (D)
  5 stone giants (D)
  A deep elf annihilator (D)
  A vampire knight (D)
  An ironbound thunderhulk (D)
  3 bunyips (D)
  A spark wasp (D)
  A red draconian (D)
  3 white draconians (D)
  A yellow draconian (D)
  5 purple draconians (D)
  4 merfolk impalers (D)
  Josephine (D)
  5 ettins (D)
  7 merfolk javelineers (D)
  An entropy weaver (D)
  2 fire dragons (D)
  2 yaktaur captains (D)
  25 vault guards (D)
  2 salamander tyrants (D)
  A peacekeeper (D)
  2 catoblepae (D)
  3 ice dragons (D)
  A hydra (shapeshifter) (D)
  7 hydras (D)
  2 two-headed ogres (D)
  An ogre mage (D)
  A radroach (D)
  2 centaur warriors (D)
  A death knight (D)
  A merfolk avatar (D)
  6 death yaks (D)
  2 merfolk aquamancers (D)
  An ironbound frostheart (D)
  A satyr (shapeshifter) (D)
  A vampire mage (D)
  5 tengu warriors (D)
  2 skysharks (D)
  2 spriggan berserkers (D)
  Urug (D)
  3 deep troll earth magi (D)
  3 naga warriors (D)
  A naga sharpshooter (D)
  A sun moth (D)
  3 glowing orange brains (D)
  6 swamp dragons (D)
  2 sea snakes (D)
  A swamp dragon (shapeshifter) (D)
  An orb spider (D)
  2 steelbarb worms (D)
  2 spriggan druids (D)
  A harpy (shapeshifter) (D)
  2 ironbound convokers (D)
  3 wizards (D)
  A lindwurm (D)
  5 orc knights (D)
  An ugly thing (D)
  A harpy (D)
  A salamander (D)
  6 orc sorcerers (D)
  4 wolf spiders (D)
  A mana viper (D)
  An elephant (D)
  4 manticores (D)
  A guardian serpent (D)
  2 black mambas (D)
  2 torpor snails (D)
  6 moths of wrath (D)
  4 vault sentinels (D)
  A demonic crawler (D)
  3 naga magi (D)
  A gargoyle (D)
  A kobold demonologist (D)
  An unseen horror (D)
  3 tengu conjurers (D)
  4 tyrant leeches (D)
  A polar bear (D)
  A blink frog (D)
  A slime creature (D)
  5 wraiths (D)
  2 jumping spiders (D)
  A vampire (D)
  Eustachio (D)
  6 yaks (D)
  2 basilisks (D)
  4 fire elementals (D)
  4 nagas (D)
  4 water moccasins (D)
  A floating eye (D)
  An acid dragon (D)
  2 hell hounds (D)
  13 orc warriors (D)
  A bullfrog (D)
  2 scorpions (D)
  A wight (D)
  A killer bee (D)
  A howler monkey (D)
  4 orc priests (D)
  8 orc wizards (D)
  2 dart slugs (D)
  5 orcs (D)
  An endoplasm (D)
  A jackal (D)
  A quokka (D)
  A ball python (D)
  A bat (D)
  A rat (D)
377 creatures vanquished.

Vanquished Creatures (others)
  A wizard (D)
1 creature vanquished.

Grand Total: 378 creatures vanquished

Notes
Turn   | Place    | Note
-------+----------+-------------------------------------------
     0 | D        | rocky1 the Minotaur Gladiator began the quest for the Orb.
     0 | D        | Reached XP level 1. HP: 18/18 MP: 0/0
     8 | D        | Reached skill level 1 in Armour
    28 | D        | Noticed a scorpion
    28 | D        | Noticed a scorpion
    33 | D        | Reached XP level 2. HP: 20/26 MP: 1/1
    39 | D        | Killed a scorpion
    40 | D        | Reached skill level 5 in Dodging
    40 | D        | Reached XP level 3. HP: 34/34 MP: 2/2
    40 | D        | Reached XP level 4. HP: 41/41 MP: 3/3
    43 | D        | Killed a scorpion
    44 | D        | Reached skill level 5 in Fighting
   371 | D        | Found a snail-covered altar of Cheibriados.
   371 | D        | Found a shadowy altar of Dithmenos.
   371 | D        | Found a white marble altar of Elyvilon.
   371 | D        | Found a blossoming altar of Fedhas.
   371 | D        | Found an opulent altar of Gozag.
   372 | D        | Found a hazy altar of Hepliaklqana.
   373 | D        | Found a viscous altar of Jiyva.
   374 | D        | Found an ancient bone altar of Kikubaaqudgha.
   375 | D        | Found a corrupted altar of Lugonu.
   376 | D        | Found a burning altar of Makhleb.
   377 | D        | Found a sparkling altar of Nemelex Xobeh.
   378 | D        | Found an iron altar of Okawaru.
   379 | D        | Found a stormy altar of Qazlal.
   380 | D        | Found a sacrificial altar of Ru.
   381 | D        | Found a shimmering blue altar of Sif Muna.
   382 | D        | Found a bloodstained altar of Trog.
   383 | D        | Found a hide-covered altar of Uskayaw.
   384 | D        | Found a radiant altar of Vehumet.
   385 | D        | Found an ornate altar of the Wu Jian Council.
   395 | D        | Became a worshipper of Gozag Ym Sagoz the Greedy
   403 | D        | Found a shimmering altar of Xom.
   404 | D        | Found a basalt altar of Yredelemnul.
   405 | D        | Found a glowing silver altar of Zin.
   406 | D        | Found a glowing golden altar of the Shining One.
   451 | D        | Noticed a two-headed ogre
   451 | D        | Noticed a two-headed ogre
   456 | D        | Reached skill level 5 in Armour
   456 | D        | Reached XP level 5. HP: 50/50 MP: 4/4
   466 | D        | Killed a two-headed ogre
   467 | D        | Reached XP level 6. HP: 46/63 MP: 5/5
   467 | D        | Reached XP level 7. HP: 52/70 MP: 6/6
   470 | D        | Killed a two-headed ogre
   471 | D        | Reached skill level 10 in Fighting
   471 | D        | Reached XP level 8. HP: 32/79 MP: 7/7
   474 | D        | Reached skill level 10 in Armour
   760 | D        | Noticed a kobold demonologist
   760 | D        | Noticed a gargoyle
   760 | D        | Noticed a six-headed hydra
   760 | D        | Noticed a harpy
   765 | D        | Killed a harpy
   766 | D        | Reached skill level 15 in Staves
   766 | D        | Reached skill level 10 in Dodging
   770 | D        | Killed an unseen horror
   771 | D        | Reached XP level 9. HP: 84/89 MP: 8/8
   776 | D        | Killed a six-headed hydra
   781 | D        | Noticed an ice devil
   807 | D        | Killed a gargoyle
   812 | D        | Killed a kobold demonologist
  1115 | D        | Noticed a death yak
  1115 | D        | Noticed a torpor snail
  1129 | D        | Killed a torpor snail
  1130 | D        | Reached XP level 10. HP: 65/100 MP: 9/9
  1140 | D        | Killed a death yak
  1318 | D        | Noticed a skyshark
  1318 | D        | Noticed a skyshark
  1323 | D        | Noticed an elephant
  1346 | D        | Killed a skyshark
  1352 | D        | Killed a skyshark
  1373 | D        | Killed an elephant
  1532 | D        | Noticed a death yak
  1532 | D        | Noticed a death yak
  1532 | D        | Noticed a death yak
  1532 | D        | Noticed a death yak
  1532 | D        | Noticed a death yak
  1539 | D        | Killed a death yak
  1540 | D        | Reached XP level 11. HP: 93/111 MP: 10/10
  1546 | D        | Killed a death yak
  1548 | D        | Noticed a catoblepas
  1560 | D        | Killed a death yak
  1561 | D        | Reached skill level 15 in Fighting
  1572 | D        | Killed a death yak
  1573 | D        | Reached skill level 15 in Armour
  1579 | D        | Killed a death yak
  1586 | D        | Killed a catoblepas
  1698 | D        | Noticed Urug
  1707 | D        | Killed Urug
  1780 | D        | Noticed Eustachio
  1788 | D        | Killed Eustachio
  1851 | D        | Noticed an orc knight
  1865 | D        | Killed an orc knight
  1885 | D        | Noticed an orc knight
  1885 | D        | Noticed an orc knight
  1890 | D        | Killed an orc knight
  1891 | D        | Reached skill level 15 in Dodging
  1900 | D        | Killed an orc knight
  2156 | D        | Found Dulojayrch's Jewellery Boutique.
  2156 | D        | Noticed an orc sorcerer
  2156 | D        | Noticed an orc sorcerer
  2161 | D        | Noticed an orc sorcerer
  2165 | D        | Noticed a soul eater
  2166 | D        | Killed an orc sorcerer
  2167 | D        | Noticed a sun demon
  2168 | D        | Killed an orc sorcerer
  2169 | D        | Reached XP level 12. HP: 122/124 MP: 11/11
  2170 | D        | Found Felob's Magic Scroll Shop.
  2181 | D        | Found Xacociom's Armour Boutique.
  2183 | D        | Found Aluuze's Assorted Antiques.
  2269 | D        | Bought an amulet of regeneration for 360 gold pieces
  2269 | D        | Bought a +4 ring of slaying for 936 gold pieces
  2269 | D        | Bought a ring of protection from fire for 300 gold pieces
  2285 | D        | Bought a scroll of immolation for 52 gold pieces
  2285 | D        | Bought a scroll of blinking for 97 gold pieces
  2285 | D        | Bought a scroll of enchant weapon for 97 gold pieces
  2285 | D        | Bought a scroll of fear for 52 gold pieces
  2285 | D        | Bought a scroll of fog for 52 gold pieces
  2287 | D        | Bought a scarf of invisibility for 168 gold pieces
  2299 | D        | Bought a scroll labelled INIJUI VUDARESM for 17 gold pieces
  2299 | D        | Bought a potion of berserk rage for 85 gold pieces
  2299 | D        | Bought a runed scale mail for 119 gold pieces
  2299 | D        | Bought 2 viscous cyan potions for 30 gold pieces
  2303 | D        | Bought a scroll of identify for 26 gold pieces
  2303 | D        | Bought a scroll of identify for 26 gold pieces
  2540 | D        | Got the +10 gold dragon scales of Vucud {rPois rF+ rC+
                  | Str+4 Slay+3}
  2575 | D        | Bought a warped quarterstaff for 270 gold pieces
  2575 | D        | Identified the +0 quarterstaff of Denown {flame, *Corrode
                  | rN+ MP+9} (You bought it in a shop in the Dungeon)
  2577 | D        | Noticed a centaur warrior
  2577 | D        | Noticed a tengu warrior
  2577 | D        | Noticed a tengu warrior
  2577 | D        | Noticed a catoblepas
  2578 | D        | Noticed a centaur warrior
  2590 | D        | Noticed a green very ugly thing
  2594 | D        | Killed a catoblepas
  2595 | D        | Reached skill level 1 in Evocations
  2609 | D        | Killed a green very ugly thing
  2610 | D        | Noticed a death knight
  2615 | D        | Killed a tengu warrior
  2622 | D        | Killed a tengu warrior
  2623 | D        | Noticed a stone giant
  2630 | D        | Killed a centaur warrior
  2631 | D        | Noticed a fire dragon
  2636 | D        | Noticed an ice dragon
  2638 | D        | Noticed a tengu warrior
  2641 | D        | Killed a centaur warrior
  2642 | D        | Noticed a frost giant
  2650 | D        | Killed a death knight
  2663 | D        | Killed a stone giant
  2669 | D        | Killed a fire dragon
  2675 | D        | Killed an ice dragon
  2683 | D        | Killed a frost giant
  2684 | D        | Reached skill level 5 in Evocations
  2690 | D        | Killed a tengu warrior
  2897 | D        | Noticed Donald
  2906 | D        | Killed Donald
  2907 | D        | Reached XP level 13. HP: 122/136 MP: 12/12
  2919 | D        | Noticed Josephine
  2930 | D        | Killed Josephine
  2976 | D        | Noticed Azrael
  3000 | D        | Killed Azrael
  3145 | D        | Bought a +1 quarterstaff of holy wrath for 184 gold pieces
  3157 | D        | Bought a potion of curing for 45 gold pieces
  3157 | D        | Bought a potion of curing for 45 gold pieces
  3157 | D        | Bought a potion of mutation for 120 gold pieces
  3157 | D        | Bought a potion of resistance for 150 gold pieces
  3157 | D        | Bought a potion of curing for 45 gold pieces
  3157 | D        | Bought a potion of berserk rage for 75 gold pieces
  3157 | D        | Noticed a merfolk javelineer
  3157 | D        | Noticed a merfolk impaler
  3173 | D        | Killed a merfolk javelineer
  3182 | D        | Killed a merfolk impaler
  3329 | D        | Noticed a spark wasp
  3340 | D        | Killed a spark wasp
  3366 | D        | Reached skill level 27 in Staves
  3427 | D        | Bought the amulet "Qelu" {Acrobat rPois rF+ Regen+} for 723
                  | gold pieces
  3427 | D        | Bought the ring "Atuthef" {rElec rF- Dex+6 Slay+5 Stlth+}
                  | for 1002 gold pieces
  3541 | D        | Noticed a bunyip
  3541 | D        | Noticed a bunyip
  3541 | D        | Noticed a bunyip
  3541 | D        | Noticed a thorn hunter
  3553 | D        | Killed a thorn hunter
  3556 | D        | Killed a bunyip
  3563 | D        | Killed a bunyip
  3575 | D        | Killed a bunyip
  3576 | D        | Reached XP level 14. HP: 140/149 MP: 13/13
  3716 | D        | Noticed a fire giant
  3716 | D        | Noticed a fire giant
  3716 | D        | Noticed a fire giant
  3716 | D        | Noticed a vampire knight
  3717 | D        | Paralysed by a floating eye for 2 turns
  3722 | D        | Killed a fire giant
  3723 | D        | Reached skill level 10 in Evocations
  3727 | D        | Noticed a stone giant
  3733 | D        | Noticed a tentacled monstrosity
  3733 | D        | Killed a fire giant
  3738 | D        | Killed a fire giant
  3750 | D        | Killed a tentacled monstrosity
  3757 | D        | Paralysed by something for 3 turns
  3765 | D        | Killed a stone giant
  3773 | D        | Killed a vampire knight
  3864 | D        | Noticed a vault warden
  3864 | D        | Noticed an ironbound preserver
  3872 | D        | Noticed a vault warden
  3876 | D        | Killed an ironbound preserver
  3877 | D        | Noticed an ironbound preserver
  3886 | D        | Killed a vault warden
  3897 | D        | Killed a vault warden
  3902 | D        | Noticed a purple very ugly thing
  3905 | D        | Killed an ironbound preserver
  3910 | D        | Noticed a vault warden
  3931 | D        | Killed a purple very ugly thing
  3940 | D        | Killed a vault warden
  3941 | D        | Noticed an ironbound thunderhulk
  3972 | D        | Killed an ironbound thunderhulk
  4318 | D        | Bought a glowing morningstar for 161 gold pieces
  4318 | D        | Bought an iridescent broad axe for 207 gold pieces
  4318 | D        | Identified the +2 broad axe of Tocatur {flame, rElec rPois}
                  | (You bought it in a shop in the Dungeon)
  4318 | D        | Bought a runed morningstar for 161 gold pieces
  4318 | D        | Bought a jewelled quarterstaff for 207 gold pieces
  4318 | D        | Identified the +7 quarterstaff of Overwhelming Force
                  | {heavy, Str+3} (You bought it in a shop in the Dungeon)
  4332 | D        | Noticed Xtahua
  4340 | D        | Paralysed by Xtahua for 2 turns
  4344 | D        | Killed Xtahua
  4357 | D        | Noticed Jory
  4369 | D        | Killed Jory
  4370 | D        | Reached XP level 15. HP: 86/165 MP: 14/14
  4472 | D        | Noticed a nagaraja
  4472 | D        | Noticed a nagaraja
  4477 | D        | Killed a nagaraja
  4478 | D        | Noticed a nagaraja
  4483 | D        | Noticed a nagaraja
  4485 | D        | Killed a nagaraja
  4490 | D        | Killed a nagaraja
  4493 | D        | Killed a nagaraja
  4511 | D        | Noticed an emperor scorpion
  4516 | D        | Noticed an emperor scorpion
  4530 | D        | Killed an emperor scorpion
  4537 | D        | Killed an emperor scorpion
  4538 | D        | Reached skill level 15 in Evocations
  4544 | D        | Noticed an emperor scorpion
  4546 | D        | Noticed an emperor scorpion
  4551 | D        | Killed an emperor scorpion
  4559 | D        | Killed an emperor scorpion
  4560 | D        | Noticed an emperor scorpion
  4565 | D        | Killed an emperor scorpion
  4570 | D        | Got a gossamer rune of Zot
  4591 | D        | Got a serpentine rune of Zot
  4683 | D        | Noticed Ilsuiw
  4699 | D        | Killed Ilsuiw
  4751 | D        | Got a barnacled rune of Zot
  4937 | D        | Reached skill level 5 in Throwing
  4949 | D        | Got a decaying rune of Zot
  4987 | D        | Bought a potion of curing for 48 gold pieces
  4987 | D        | Bought 2 potions of cancellation for 256 gold pieces
  4987 | D        | Bought a potion of invisibility for 128 gold pieces
  4987 | D        | Bought a potion of cancellation for 128 gold pieces
  4987 | D        | Bought a potion of mutation for 128 gold pieces
  4995 | D        | Bought a runed cloak for 172 gold pieces
  4995 | D        | Bought a scroll of fog for 92 gold pieces
  4995 | D        | Bought a runed morningstar for 161 gold pieces
  4995 | D        | Bought a lightning rod (4/4) for 690 gold pieces
  4995 | D        | Bought a scintillating lapis lazuli ring for 115 gold
                  | pieces
  4995 | D        | Identified the ring of Tossoen {rF+ MP+9 AC+4 Int+4 Dex+3}
                  | (You bought it in a shop in the Dungeon)
  5010 | D        | Noticed Boris
  5018 | D        | Killed Boris
  5028 | D        | Noticed Mara
  5032 | D        | Noticed rocky1's illusion
  5044 | D        | Noticed rocky1's illusion
  5047 | D        | Killed Mara
  5048 | D        | Reached XP level 16. HP: 143/182 MP: 15/15
  5136 | D        | Reached skill level 5 in Polearms
  5172 | D        | Reached skill level 27 in Fighting
  5177 | D        | Reached skill level 27 in Armour
  5217 | D        | Noticed a golden dragon
  5221 | D        | Reached skill level 10 in Polearms
  5221 | D        | Reached skill level 10 in Throwing
  5229 | D        | Killed a golden dragon
  5246 | D        | Noticed a shadow dragon
  5248 | D        | Noticed a shadow dragon
  5254 | D        | Identified the +0 scale mail "Opats" {Int+4}
  5264 | D        | Killed a shadow dragon
  5268 | D        | Killed a shadow dragon
  5519 | D        | Noticed a shadow dragon
  5519 | D        | Noticed a lich
  5519 | D        | Noticed a titan
  5519 | D        | Noticed a tentacled monstrosity
  5519 | D        | Noticed a shadow dragon
  5520 | D        | Noticed a titan
  5528 | D        | Killed a tentacled monstrosity
  5529 | D        | Noticed a shadow dragon
  5536 | D        | Killed a shadow dragon
  5542 | D        | Killed a titan
  5546 | D        | Killed a lich
  5550 | D        | Killed a shadow dragon
  5553 | D        | Killed a titan
  5554 | D        | Reached skill level 27 in Dodging
  5558 | D        | Killed a shadow dragon
  5559 | D        | Reached skill level 15 in Polearms
  5565 | D        | Got a silver rune of Zot
  5691 | D        | Noticed Louise
  5697 | D        | Killed Louise
  5803 | D        | Got the amulet of Kigutot {Faith rElec Str+3}
  5805 | D        | Got the amulet "Noshog" {RegenMP Str+2}
  5807 | D        | Got the amulet of Eternal Harmony {Spirit rC+}
  5809 | D        | Got the ring of Cuiroq {EV+3 Str+3}
  5811 | D        | Got the ring of a Billion Prophets {*Corrode rF++ Will+
                  | Dex+5}
  5894 | D        | Bought a scroll of silence for 142 gold pieces
  5894 | D        | Bought a scroll of brand weapon for 142 gold pieces
  5896 | D        | Bought the +3 warlock's mirror {omnireflect} for 680 gold
                  | pieces
  5896 | D        | Found the +3 warlock's mirror {omnireflect}
  5896 | D        | Bought the +1 pair of gloves of Whack-A-Mole {rElec Will+
                  | Int+2} for 566 gold pieces
  5965 | D        | Noticed Mennas
  5974 | D        | Killed Mennas
  7558 | D        | Noticed a golden dragon
  7561 | D        | Reached skill level 1 in Shields
  7573 | D        | Killed a golden dragon
  7574 | D        | Reached XP level 17. HP: 191/191 MP: 16/16
  7594 | D        | Reached skill level 15 in Throwing
  7598 | D        | Reached skill level 5 in Shields
  7600 | D        | Reached skill level 10 in Maces & Flails
  7622 | D        | Noticed a golden dragon
  7622 | D        | Noticed a bone dragon
  7630 | D        | Killed a bone dragon
  7631 | D        | Killed a golden dragon
  7790 | D        | Noticed a tentacled monstrosity
  7790 | D        | Noticed a tentacled monstrosity
  7796 | D        | Killed a tentacled monstrosity
  7798 | D        | Reached skill level 10 in Shields
  7798 | D        | Killed a tentacled monstrosity
  7926 | D        | Noticed an electric golem
  7927 | D        | Noticed an electric golem
  7932 | D        | Reached skill level 15 in Maces & Flails
  7943 | D        | Killed an electric golem
  7955 | D        | Killed an electric golem
  7995 | D        | Noticed a quicksilver dragon
  7995 | D        | Noticed a tentacled monstrosity
  8006 | D        | Noticed an electric golem
  8009 | D        | Killed a tentacled monstrosity
  8015 | D        | Killed a quicksilver dragon
  8036 | D        | Killed an electric golem
  8309 | D        | Noticed an Orb Guardian
  8309 | D        | Noticed an Orb Guardian
  8309 | D        | Noticed an Orb Guardian
  8309 | D        | Noticed an Orb Guardian
  8309 | D        | Noticed an Orb Guardian
  8309 | D        | Noticed an Orb Guardian
  8311 | D        | Killed an Orb Guardian
  8312 | D        | Noticed an Orb Guardian
  8314 | D        | Killed an Orb Guardian
  8317 | D        | Killed an Orb Guardian
  8318 | D        | Reached skill level 15 in Shields
  8318 | D        | Killed an Orb Guardian
  8321 | D        | Killed an Orb Guardian
  8323 | D        | Noticed an Orb Guardian
  8327 | D        | Killed an Orb Guardian
  8330 | D        | Killed an Orb Guardian
  8330 | D        | Noticed an Orb Guardian
  8332 | D        | Killed an Orb Guardian
  8333 | D        | Reached XP level 18. HP: 147/200 MP: 17/17
  8334 | D        | Noticed an Orb Guardian
  8337 | D        | Killed an Orb Guardian
  8343 | D        | Killed an Orb Guardian
  8397 | D        | Bought a potion of mutation for 128 gold pieces
  8397 | D        | Bought a potion of heal wounds for 80 gold pieces
  8397 | D        | Bought a potion of mutation for 128 gold pieces
  8397 | D        | Bought a potion of curing for 48 gold pieces
  8397 | D        | Bought a potion of curing for 48 gold pieces
  8397 | D        | Bought a potion of heal wounds for 80 gold pieces
  8405 | D        | Bought a potion of heal wounds for 65 gold pieces
  8410 | D        | Noticed an Orb Guardian
  8410 | D        | Noticed an Orb Guardian
  8410 | D        | Noticed an Orb Guardian
  8411 | D        | Noticed an Orb Guardian
  8420 | D        | Killed an Orb Guardian
  8423 | D        | Killed an Orb Guardian
  8435 | D        | Killed an Orb Guardian
  8438 | D        | Killed an Orb Guardian
  8649 | D        | Noticed an ancient lich
  8653 | D        | Killed an ancient lich
  8657 | D        | Noticed an orb of fire
  8665 | D        | Killed an orb of fire
  8673 | D        | Noticed an electric golem
  8678 | D        | Killed an electric golem
  8682 | D        | Noticed an electric golem
  8682 | D        | Noticed an orb of fire
  8682 | D        | Noticed an electric golem
  8682 | D        | Noticed an orb of fire
  8682 | D        | Noticed an Orb Guardian
  8682 | D        | Noticed an ancient lich
  8683 | D        | Noticed an ancient lich
  8686 | D        | Noticed an orb of fire
  8687 | D        | Killed an ancient lich
  8691 | D        | Noticed a tentacled monstrosity
  8692 | D        | Gained mutation: You are dopey. (Int -2) [an orb of fire]
  8696 | D        | Killed an orb of fire
  8697 | D        | HP: 6/200 [orb of fire/bolt of fire (49)]
  8698 | D        | Killed from afar by an orb of fire

Illustrated notes

Levels and vault maps discovered:
D:        linesprint [early_d, line_temple, items_1, d_10, items_2, lair_1,
          lair_end, items_3, orc_1, orc_end, items_4, d_15, swamp_1, shoals_1,
          snake_1, spider_1, d_20, vaults_1, items_5, swamp_end, shoals_end,
          snake_end, spider_end, vaults_end, d_27, items_6, zot_1, zot_end,
          crypt_end, forest_end, elf_end, slime_end, tomb_end, abyss_end,
          pan_hell_end]

Skill      XL: |  1  2  3  4  5  6  7  8  9 10 11 12 13 14 15 16 17 18 |
---------------+-------------------------------------------------------+-----
Staves         | 4 6 8 12 14 15 17 20 22 25 27 | 27.0
Armour         | 2 3 5 8 9 11 12 14 16 18 20 23 26 27 | 27.0
Fighting       | 3 4 6 9 10 11 12 14 16 18 20 23 26 27 | 27.0
Dodging        | 5 6 8 9 10 12 13 15 17 19 21 24 27 | 27.0
Evocations     | 5 9 13 17 20 23 24 | 24.3
Throwing       | 6 14 19 21 | 21.0
Polearms       | 4 16 21 23 | 23.8
Maces & Flails | 8 18 21 | 21.4
Shields        | 3 15 18 | 18.9

Action                     |  1- 3 |  4- 6 |  7- 9 | 10-12 | 13-15 | 16-18 || total
---------------------------+-------+-------+-------+-------+-------+-------++-------
  Melee: Quarterstaff      |    13 |    18 |    59 |   353 |   503 |   384 ||  1330
         Headbutt          |     2 |     3 |    15 |    96 |   148 |   102 ||   366
  Throw: Throwing net      |     3 |       |       |     2 |       |       ||     5
         Javelin           |       |       |       |     7 |       |    16 ||    23
 Invoke: Call Merchant     |       |       |       |     1 |     7 |     5 ||    13
         Potion Petition   |       |       |       |       |     1 |       ||     1
    Use: Potion            |     1 |     2 |     1 |     7 |     2 |       ||    13
         Scroll            |       |       |       |     2 |       |     9 ||    11
   Stab: Held in net/web   |       |       |       |     2 |       |       ||     2
         Distracted        |       |       |       |     7 |     8 |     9 ||    24
         Invisible         |       |       |       |     4 |     7 |       ||    11
 Armour: Leather armour    |     2 |       |       |       |       |       ||     2
         Plate armour      |       |     4 |    16 |    31 |       |       ||    51
         Gold dragon scale |       |       |       |    63 |   197 |   187 ||   447
  Dodge: Dodged            |     8 |     1 |    16 |    56 |   264 |   309 ||   654
  Block: Other             |       |       |     1 |    14 |       |       ||    15

Table legend: (Time is in decaauts)
 A = Elapsed time spent in this place.
 B = Non-inter-level travel time spent in this place.
 C = Inter-level travel time spent in this place.
 D = Time resting spent in this place.
 E = Time spent auto-exploring this place.
 F = Levels seen in this place.
 G = Mean time per level.
                   A        B        C        D        E       F      G
               +--------+--------+--------+--------+--------+-----+--------+
         Total |   8172 |   7375 |    797 |   2704 |    706 |   1 | 8172.0 |
       Dungeon |   8172 |   7375 |    797 |   2704 |    706 |   1 | 8172.0 |
               +--------+--------+--------+--------+--------+-----+--------+

Top non-repeatable levels by time:
       D: 8172 daAuts
